 Dungeon Crawl Stone Soup version 0.31-a0-1165-g196b491b36 (webtiles) character file.

Game seed: 11579396140825818555

21 AstroCodex24 the Trooper (level 2, 0/26 HPs)
             Began as a Demigod Fighter on Dec 9, 2023.
             Slain by a sleepcap (5 damage)
             ... on level 3 of the Dungeon.
             The game lasted 00:02:06 (409 turns).

AstroCodex24 the Trooper (Demigod Fighter)           Turns: 409, Time: 00:02:06

Health: 0/26       AC:  6    Str: 17    XL:     2   Next: 45%
Magic:  4/4        EV:  9    Int: 10    God:
Gold:   52         SH:  4    Dex: 13    Spells: 1/1 levels left

rFire   . . .        a - +0 war axe
rCold   . . .        c - +0 buckler
rNeg    . . .        b - +0 scale mail
rPois   .            (no helmet)
rElec   .            (no cloak)
rCorr   .            (no gloves)
SInv    .            (no boots)
Will    .....        (no amulet) Stlth
                     (no ring)
HPRegen 0.24/turn    (no ring)
MPRegen 0.09/turn

%: no passive effects
@: lethally poisoned (0 -> -2)
A: high MP 1, forlorn, divine attributes
a: no special abilities


You were on level 3 of the Dungeon.
You visited 1 branch of the dungeon, and saw 4 of its levels.

You collected 52 gold pieces.

Inventory:

Hand Weapons
 a - a +0 war axe (weapon)
Armour
 b - a +0 scale mail (worn)
 c - a +0 buckler (worn)
Scrolls
 e - a scroll of torment {unknown}
 g - a scroll of enchant weapon {unknown}
 h - a scroll of identify {unknown}
 j - a scroll of blinking {unknown}
Potions
 d - a potion of might
 f - 2 potions of curing {unknown}
 i - a potion of mutation {unknown}


   Skills:
 + Level 3.0 Fighting
 + Level 2.2 Axes
 + Level 2.9 Armour
 + Level 2.9 Shields


You had one spell level left.
You didn't know any spells.
Your spell library contained the following spells:

 Spells                   Type           Power      Damage    Failure   Level
 Call Canine Familiar     Summ           0%         N/A       99%         3
 Sigil of Binding         Hex            0%         N/A       99%         3
 Dimensional Bullseye     Hex/Tloc       0%         N/A       100%        4
 Leda's Liquefaction      Hex/Erth       0%         N/A       100%        4


Dungeon Overview and Level Annotations

Branches:
Dungeon (4/15)
 Temple: D:4-7

Annotations:
D:4 Blork the orc, Eustachio


Innate Abilities, Weirdness & Mutations

You have an increased reservoir of magic. (+10% MP)
You shall have no god before yourself.
Your divine heritage dramatically boosts your attributes as you level up.


Message History

Found a ring mail.
Found a dark potion.
i - a dark potion
Found 6 stones.
Found a scroll labelled GUONTI ROALL.
You see here 6 stones.
j - a scroll labelled GUONTI ROALL
Found a stone staircase leading down.
There is a stone staircase leading down here.
You climb downwards.
Eustachio shouts!
The iguana hisses angrily.
There is a stone staircase leading up here.
You barely miss the scorpion. You hit the sleepcap.
The scorpion stings you but does no damage.
The sleepcap releases spores at you but does no damage.
Blork the orc comes into view.
He is wielding a +0 halberd and wearing a +1 robe of resistance.
You hit the scorpion but do no damage. You hit the sleepcap but do no damage.
The scorpion stings you.
You are poisoned.
The scorpion poisons you! The sleepcap releases spores at you.
Eustachio asks, "How can you live without manners, virtues and honour?"
The scorpion stings you but does no damage.
A ball python comes into view.
You feel very sick.
The ball python hisses angrily.
The sleepcap closely misses you. The scorpion barely misses you.
You climb upwards.
You feel very sick.
There is a stone staircase leading down here.
You closely miss the scorpion. You hit the sleepcap.
You feel sick. You block the scorpion's attack.
The sleepcap releases spores at you. The scorpion stings you.
You block the sleepcap's attack.
You hit the scorpion but do no damage. You hit the sleepcap but do no damage.
You feel sick. The scorpion stings you.
* * * LOW HITPOINT WARNING * * *
The sleepcap barely misses you.
The scorpion stings you but does no damage.
You barely miss the scorpion. You hit the sleepcap but do no damage.
You feel sick. The sleepcap releases spores at you.
You die...

##################
#@f...............
######s###..##.......#.
#....................#.
#.#########.....###.(..
#.# ##........... #.#
###...###.## #.#
#.#..##.# #.# #.##....#
#.# #.####..#


You could see a sleepcap and a scorpion.

Vanquished Creatures
  2 bats (D:1)
  3 endoplasms
  A giant cockroach (D:1)
  2 hobgoblins
  4 kobolds
  4 ball pythons (D:1)
  3 rats
19 creatures vanquished.

Notes
Turn   | Place    | Note
-------+----------+-------------------------------------------
     0 | D:1      | AstroCodex24 the Demigod Fighter began the quest for the
                  | Orb.
     0 | D:1      | Reached XP level 1. HP: 18/18 MP: 3/3
   233 | D:1      | Reached XP level 2. HP: 19/25 MP: 4/4
   237 | D:1      | Reached skill level 3 in Fighting
   402 | D:4      | Noticed Eustachio
   402 | D:4      | Noticed a scorpion
   403 | D:4      | Noticed Blork the orc
   409 | D:3      | Slain by a sleepcap

Illustrated notes

Levels and vault maps discovered:
D:1:      amcnicky_arrival_feature_with_door, layout_loops_ring
D:2:      layout_basic, dreamdust_wishing_well, uniq_sigmund
D:3:      layout_basic, minitemple
D:4:      layout_loops_ring, serial_park_tiny_pond, uniq_natasha, uniq_pikel,
          uniq_blork_the_orc, uniq_eustachio, uniq_duvessa

Skill      XL: |  1  2 |
---------------+-------+-----
Fighting       | 3 |  3.0
Axes           | 2 |  2.2
Armour         | |  2.9
Shields        | |  2.9

Action                     || total
---------------------------++-------
  Melee: War axe           ||    34
 Armour: Scale mail        ||    46
  Dodge: Dodged            ||    23
  Block: Buckler           ||    13

Table legend: (Time is in decaauts)
 A = Elapsed time spent in this place.
 B = Non-inter-level travel time spent in this place.
 C = Inter-level travel time spent in this place.
 D = Time resting spent in this place.
 E = Time spent auto-exploring this place.
 F = Levels seen in this place.
 G = Mean time per level.
                   A        B        C        D        E       F      G
               +--------+--------+--------+--------+--------+-----+--------+
         Total |    423 |    414 |      9 |      0 |      0 |   4 |  105.8 |
       Dungeon |    423 |    414 |      9 |      0 |      0 |   4 |  105.8 |
               +--------+--------+--------+--------+--------+-----+--------+

Top non-repeatable levels by time:
     D:1: 251 daAuts
     D:3: 136 daAuts
     D:2: 31 daAuts
     D:4: 4 daAuts
